 Dungeon Crawl Stone Soup version 0.21.1-1-g345015f (webtiles) character file.

1485 4thArraOfDagon the Ruffian (level 8, -1/74 HPs)
             Began as a Troll Necromancer on June 9, 2018.
             Was a Believer of Cheibriados.
             Killed from afar by an electric eel (13 damage)
             ... with a bolt of electricity
             ... on level 8 of the Dungeon.
             The game lasted 00:07:29 (1430 turns).

4thArraOfDagon the Ruffian (Troll Necromancer)      Turns: 1430, Time: 00:07:30

Health: -1/74      AC:  5    Str: 21    XL:     8   Next: 50%
Magic:  19/19      EV: 11    Int: 20    God:    Cheibriados [**....]
Gold:   147        SH:  0    Dex: 14    Spells: 2/11 levels left

rFire    . . .     SeeInvis .     - Unarmed
rCold    . . .     Gourm    +   (no shield)
rNeg     . . .     Faith    .   a - +0 robe
rPois    .         Spirit   .   (helmet restricted)
rElec    .         Reflect  .   (no cloak)
rCorr    .         Harm     .   (gloves unavailable)
MR       .....                  (boots unavailable)
Stlth    ++........             (no amulet)
HPRegen  0.62/turn              g - ring of magical power
MPRegen  0.16/turn              v - +3 ring of intelligence

@: very slow
A: large, unfitting armour, claws 3, fast metabolism 3, gourmand, regeneration
1, shaggy fur 1, tough skin 2
a: Bend Time, Renounce Religion


You were on level 8 of the Dungeon.
You worshipped Cheibriados.
Cheibriados was pleased with you.
You were very full.

You visited 2 branches of the dungeon, and saw 9 of its levels.

You collected 147 gold pieces.

Inventory:

Armour
 a - a +0 robe (worn)
Magical Staves
 u - an uncursed staff of earth
 w - an uncursed staff of fire
Jewellery
 e - an uncursed ring of fire
 g - a ring of magical power (left claw)
 v - a +3 ring of intelligence (right claw)
Wands
 d - a wand of polymorph (8)
 k - a wand of paralysis (17)
 x - a wand of flame (27)
Scrolls
 f - a scroll of random uselessness {unknown}
 j - a scroll of torment {unknown}
 l - 2 scrolls of identify {unknown}
 m - 4 scrolls of remove curse {unknown}
 o - a scroll of magic mapping {unknown}
 p - a scroll of enchant weapon {unknown}
 q - a scroll of teleportation {unknown}
 s - a scroll of amnesia {unknown}
 t - a scroll of enchant armour {unknown}
Potions
 h - 2 potions of berserk rage {unknown}
 i - a potion of magic {unknown}
 n - 2 potions of flight {unknown}
 r - a potion of brilliance
 z - a potion of curing
Books
 b - a book of Necromancy

   Spells                             Type                      Level
   a - Pain                           Necromancy                   1
   b - Animate Skeleton               Necromancy                   1
   c - Vampiric Draining              Necromancy                   3
   d - Regeneration                   Charms/Necromancy            3
   e - Animate Dead                   Necromancy                   4
   f - Borgnjor's Vile Clutch         Necromancy/Earth             5
Comestibles
 c - 11 rations


   Skills:
 + Level 2.6 Fighting
 + Level 3.1 Dodging
 - Level 1.0 Stealth
 * Level 6.1 Unarmed Combat
 + Level 2.4 Spellcasting
 - Level 4.8 Necromancy
 * Level 2.1 Earth Magic
 + Level 2.8 Invocations


You had 2 spell levels left.
You knew the following spells:

 Your Spells              Type           Power        Failure   Level  Hunger
a - Pain                  Necr           ###.         1%          1    #......
b - Regeneration          Chrm/Necr      ##........   17%         3    ###....
c - Borgnjor's Vile Clut  Necr/Erth      ###.......   69%         5    ######.


Dungeon Overview and Level Annotations

Branches:
Dungeon (8/15)             Temple (1/1) D:5
   Lair: D:8-11

Altars:
Ashenzari
Cheibriados
Dithmenos
Elyvilon
Gozag
Kikubaaqudgha
Okawaru
Qazlal
Ru
Sif Muna
Uskayaw
Vehumet
Xom
Yredelemnul
The Shining One

Annotations:
D:5 Scuka's ghost, novice GnSk


Innate Abilities, Weirdness & Mutations

You are too large for most types of armour.
You have claws for hands.
Your metabolism is lightning-fast.
You like to eat raw meat.
Your natural rate of healing is unusually fast.
You are covered in fur. (AC +1)
You have very tough skin. (AC +2)


Message History

Aim: an electric eel The puff of flame misses the electric eel.
The crimson imp spits at you.
The crimson imp blinks!
The electric eel is engulfed in a cloud of scalding steam.
The electric eel shoots out a bolt of lightning at you!
The bolt of electricity hits you!
* * * LOW HITPOINT WARNING * * *
The bolt of electricity hits you!
* * * LOW HITPOINT WARNING * * *
Unknown command.
Evoke which item? (* to show all) (? for menu, Esc to quit)
Aiming: Throw Flame
Press: ? - help, Shift-Dir - straight line, f/p - electric eel
Aim: an electric eel (steam, heavily wounded)
The puff of flame hits the electric eel.
The electric eel is almost dead.
The electric eel shoots out a bolt of lightning at you!
The bolt of electricity hits you!
You die...

####+#+#.
#........
#........
#.....;§≈
#...§§≈≈≈
#...§≈≈≈≈
#(..≈≈≈≈≈
#@..≈≈≈≈.
#....≈...
#........
#........
#########


You could see an electric eel.

Vanquished Creatures
  A hornet (D:7)
  An ice beast (D:6)
  A sky beast (D:7)
  A phantom (D:4)
  An ogre (D:6)
  3 centaurs
  3 bullfrogs
  A quasit (D:5)
  2 jellies
  3 orc wizards (D:6)
  Ijyb (D:3)
  3 worker ants
  A hound skeleton (D:5)
  3 adders
  3 gnolls (D:6)
  2 shadow imps (D:5)
  An ooze (D:7)
  An adder skeleton (D:6)
  A leopard gecko (Temple)
  8 orcs
  A ball python (D:7)
  A goblin (D:3)
  2 kobolds
  2 quokkas
  A frilled lizard (D:1)
  A rat (D:3)
49 creatures vanquished.

Vanquished Creatures (others)
  5 dream sheep (D:6)
5 creatures vanquished.

Grand Total: 54 creatures vanquished

Notes
Turn   | Place    | Note
-------+----------+-------------------------------------------
     0 | D:1      | 4thArraOfDagon the Troll Necromancer began the quest for the Orb.
     0 | D:1      | Reached XP level 1. HP: 16/16 MP: 1/1
   155 | D:3      | Noticed Ijyb
   172 | D:3      | Killed Ijyb
   172 | D:3      | Reached skill level 2 in Unarmed Combat
   172 | D:3      | Reached XP level 2. HP: 23/24 MP: 2/2
   193 | D:5      | Entered Level 5 of the Dungeon
   196 | D:5      | Noticed Scuka's ghost (novice GnSk)
   223 | D:5      | Reached skill level 3 in Unarmed Combat
   223 | D:5      | Reached XP level 3. HP: 29/31 MP: 3/3
   224 | D:5      | Found a staircase to the Ecumenical Temple.
   233 | Temple   | Entered the Ecumenical Temple
   275 | Temple   | Became a worshipper of Cheibriados the Contemplative
   285 | Temple   | Learned a level 3 spell: Regeneration
   351 | D:5      | Found a shattered altar of Ashenzari.
   356 | D:5      | Reached XP level 4. HP: 39/39 MP: 4/4
   372 | D:6      | Noticed an ogre
   377 | D:6      | Killed an ogre
   377 | D:6      | Reached XP level 5. HP: 32/46 MP: 6/6
   422 | D:6      | Reached skill level 4 in Unarmed Combat
   427 | D:6      | Noticed an ice beast
   430 | D:5      | Found a white marble altar of Elyvilon.
   430 | D:5      | Noticed a centaur
   481 | D:5      | Reached skill level 1 in Invocations
   511 | D:5      | Killed a centaur
   511 | D:5      | Reached skill level 1 in Fighting
   511 | D:5      | Reached XP level 6. HP: 26/55 MP: 5/7
   584 | D:5      | Reached * piety under Cheibriados
   906 | D:6      | Killed an ice beast
   906 | D:6      | Reached XP level 7. HP: 62/62 MP: 8/8
   951 | D:6      | Reached skill level 5 in Unarmed Combat
  1067 | D:6      | Reached ** piety under Cheibriados
  1083 | D:6      | Noticed a dream sheep
  1083 | D:6      | Noticed a dream sheep
  1083 | D:6      | Noticed a dream sheep
  1083 | D:6      | Noticed a dream sheep
  1083 | D:6      | Noticed a dream sheep
  1083 | D:6      | Found a shimmering altar of Xom.
  1086 | D:6      | Killed a dream sheep
  1087 | D:6      | Killed a dream sheep
  1089 | D:6      | Killed a dream sheep
  1089 | D:6      | Killed a dream sheep
  1089 | D:6      | Killed a dream sheep
  1113 | D:6      | Learned a level 5 spell: Borgnjor's Vile Clutch
  1136 | D:6      | Found a shadowy altar of Dithmenos.
  1218 | D:7      | Noticed a hornet
  1218 | D:7      | an electric eel changed into a hornet
  1224 | D:7      | Killed a hornet
  1224 | D:7      | Reached skill level 1 in Earth Magic
  1224 | D:7      | Reached XP level 8. HP: 62/74 MP: 10/10
  1299 | D:7      | Found a radiant altar of Vehumet.
  1363 | D:7      | Reached skill level 6 in Unarmed Combat
  1430 | D:8      | Killed from afar by an electric eel

Skill      XL: |  1  2  3  4  5  6  7  8 |
---------------+-------------------------+-----
Unarmed Combat | 2 3 4 5 6 |  6.1
Dodging        | 2 3 |  3.1
Invocations    | 1 2 |  2.8
Fighting       | 1 2 |  2.6
Necromancy     | 4 |  4.8
Spellcasting   | 2 |  2.4
Earth Magic    | 1 2 |  2.1
Stealth        | |  1.0

Action                   |  1- 3 |  4- 6 |  7- 9 || total
-------------------------+-------+-------+-------++-------
Melee: Unarmed           |    31 |    78 |   100 ||   209
       Punch             |     1 |     1 |     3 ||     5
 Cast: Regeneration      |       |     2 |     1 ||     3
Evoke: Wand              |       |     2 |     7 ||     9
  Use: Potion            |     1 |     3 |       ||     4
 Stab: Sleeping          |     1 |     1 |       ||     2
       Paralysed         |       |       |     3 ||     3
  Eat: Chunk             |       |    11 |     5 ||    16
Armor: Robe              |    16 |    24 |    21 ||    61
Dodge: Dodged            |    42 |    30 |    42 ||   114
